 Dungeon Crawl Stone Soup version 0.30-a0-134-gb40fab5c76 (webtiles) character file.

Game seed: 18105681343709219984

9 ytrimaz the Chopper (level 2, 14/22 HPs)
             Began as a Demonspawn Gladiator on Sept 19, 2022.
             Quit the game on level 1 of the Dungeon.
             The game lasted 00:00:27 (414 turns).

ytrimaz the Chopper (Demonspawn Gladiator)           Turns: 414, Time: 00:00:28

Health: 14/22      AC:  4    Str: 14    XL:     2   Next: 6%
Magic:  2/2        EV: 12    Int:  9    God:
Gold:   30         SH:  0    Dex: 14    Spells: 1/1 levels left

rFire   . . .      SeeInvis .    a - +0 war axe
rCold   . . .      Faith    .    (no shield)
rNeg    . . .      Spirit   .    b - +0 leather armour
rPois   .          Reflect  .    c - +0 helmet
rElec   .          Harm     .    (no cloak)
rCorr   .          Rampage  .    (no gloves)
Will    .....                    (no boots)
Stlth   +.........               (no amulet)
HPRegen 0.07/turn                (no ring)
MPRegen 0.08/turn                (no ring)

@: no status effects
A: demonic magic 1
a: no special abilities


You were on level 1 of the Dungeon.
You visited 1 branch of the dungeon, and saw 1 of its levels.

You collected 30 gold pieces.


Innate Abilities, Weirdness & Mutations

Spells you cast may paralyse adjacent enemies.


   Skills:
 + Level 2.2 Fighting
 + Level 2.9 Axes
 - Level 1.7 Throwing
 + Level 0.7 Armour
 - Level 2.6 Dodging


You had one spell level left.
You didn't know any spells.
Your spell library contained the following spells:

 Spells                   Type           Power      Damage    Failure   Level
 Ensorcelled Hibernation  Hex/Ice        0%         N/A       61%         2
 Spider Form              Tmut/Pois      0%         N/A       83%         3
 Anguish                  Hex/Necr       0%         N/A       99%         4

Inventory:

Hand Weapons
 a - a +0 war axe (weapon)
Missiles
 d - 3 throwing nets (quivered)
 e - a javelin
Armour
 b - a +0 leather armour (worn)
 c - a +0 helmet (worn)
Potions
 f - a potion of berserk rage {unknown}

Dungeon Overview and Level Annotations

Branches:
Dungeon (1/15) Zot: 5578

Altars:

###. .#
...#######.#.
#............
#............
#............
#....[.......
####.....$..#
#.......@J###.#.
#...............
#......†..###.#.
#.....#####
#.....# #######.#
+.....###.......#
#......)..#
#...>.#.###
##.#..#.#


You could see an endoplasm.


Message History

😱 HP[-6]
You take 6 damage, and now have 1/16 hp.
MASSIVE DAMAGE!! (PAUSE)
You hit the kobold but do no damage. The kobold barely misses you.
Unknown command.
You hit the kobold.
You kill the kobold!
Things that are here:
a +0 whip; a kobold corpse Unknown command.
Key pressed, stopping explore.
Unknown command. 😱 HP[+3]
You regained 3 hp, and now have 4/16 hp.
Key pressed, stopping explore.
Key pressed, stopping explore.
Unknown command.
Key pressed, stopping explore.
Unknown command. 😮 HP[+7]
You regained 7 hp, and now have 11/16 hp.
Key pressed, stopping explore.
Things that are here:
a +0 dagger; a goblin skeleton; a hobgoblin skeleton You pick up a book of Dreams and begin reading...
You add the spells Ensorcelled Hibernation, Spider Form and Anguish to your library.
Key pressed, stopping explore.
Unknown command. 😎 HP[+5]
Your hp is fully restored (16).
A goblin comes into view. It is wielding a +0 club.
The goblin shouts!
A goblin is nearby!
A goblin is nearby!
A goblin is nearby!
The goblin completely misses you.
You see here 6 gold pieces.
You hit the goblin.
You kill the goblin!
You see here a +0 club.
You see here a +0 club.
You now have 18 gold pieces (gained 6).
Found a stone staircase leading down.
A goblin comes into view. It is wielding a +0 club.
There is a stone staircase leading down here.
The goblin shouts!
An endoplasm comes into view.
The endoplasm quivers.
You closely miss the goblin. The goblin barely misses you.
You barely miss the goblin. The goblin misses you.
The goblin hits you but does no damage.
You closely miss the goblin.
The goblin hits you with a +0 club. 😕 HP[-1]
You take 1 damage, and now have 15/16 hp.
You slash the goblin!
You kill the goblin!
You hit the endoplasm. The endoplasm completely misses you.
The endoplasm closely misses you.
You slash the endoplasm!
You kill the endoplasm!
You see here a +0 club. 😎 HP[+1]
Your hp is fully restored (16).
You see here a +0 club.
f - a bubbling clear potion You now have 30 gold pieces (gained 12).
A giant cockroach comes into view.
A giant cockroach is nearby!
A giant cockroach is nearby!
A rat comes into view.
An endoplasm comes into view.
The endoplasm quivers.
The giant cockroach barely misses you. x2
The giant cockroach closely misses you.
You closely miss the giant cockroach. The giant cockroach bites you. 😕 HP[-2]
You take 2 damage, and now have 14/16 hp.
You slash the giant cockroach!
You kill the giant cockroach!
You have reached level 2!
Your demonic ancestry asserts itself...
A menacing aura infuses your magic. 😕 HP[+6] MP[+1]
You now have 22 max hp (+6).
You regained 6 hp, and now have 20/22 hp.
Your mp is fully restored (2).
You hit the rat.
You kill the rat!
You barely miss the endoplasm. The endoplasm closely misses you.
You hit the endoplasm. The endoplasm freezes you.
You are frozen.
The endoplasm hits you. 😮 HP[-6]
You take 6 damage, and now have 14/22 hp.
MASSIVE DAMAGE!! (PAUSE)
You are too injured to fight recklessly!
The endoplasm closely misses you.
You are too injured to fight recklessly!
Unknown command.
Are you sure you want to abandon this character and quit the game? (Confirm with "yes".)

Action                   || total
-------------------------++-------
Melee: War axe           ||    19
Armor: Leather armour    ||     5
Dodge: Dodged            ||    14

Levels and vault maps discovered:
D:1:      roderic_dead_forest, layout_basic, ebering_ecumenical_altar_ruins,
          chequers_serial_rivers_micro_b, grunt_decor_fettered

Notes
Turn   | Place    | Note
-------+----------+-------------------------------------------
     0 | D:1      | ytrimaz the Demonspawn Gladiator began the quest for the
                  | Orb.
     0 | D:1      | Reached XP level 1. HP: 16/16 MP: 1/1
     0 | D:1      | magus.rc [v1.9.6]
    46 | D:1      | Found a faded altar of an unknown god.
    51 | D:1      | HP: 1/16 [kobold/+0 whip (4)]
   340 | D:1      | You pick up a book of Dreams and begin reading...
   340 | D:1      | You add the spells Ensorcelled Hibernation, Spider Form and
                  | Anguish to your library.
   411 | D:1      | Gained mutation: Spells you cast may paralyse adjacent
                  | enemies. [demonic ancestry]
   411 | D:1      | Reached XP level 2. HP: 20/22 MP: 2/2
   414 | D:1      | Quit the game

Vanquished Creatures
  An endoplasm (D:1)
  A giant cockroach (D:1)
  3 goblins (D:1)
  A hobgoblin (D:1)
  A kobold (D:1)
  A rat (D:1)
8 creatures vanquished.

Table legend:
 A = Non-vault XP
 B = Vault XP
 C = Vault XP percentage of total XP
 D = Non-vault monster count
 E = Vault monster count
 F = Vault count percentage of total count
                 A         B        C        D         E       F
            +---------+---------+-------+---------+---------+-------
      Total |      14 |       0 |   0.0 |       8 |       0 |   0.0
            +---------+---------+-------+---------+---------+-------
        D:1 |      14 |       0 |   0.0 |       8 |       0 |   0.0
            +---------+---------+-------+---------+---------+-------

Illustrated notes

Table legend:
 A = Kills in this place as a percentage of kills in entire the game.
 B = Kills by you in this place as a percentage of kills by you in the entire game.
 C = Kills by friends in this place as a percentage of kills by friends in the entire game.
 D = Other kills in this place as a percentage of other kills in the entire game.
 E = Experience gained in this place as a percentage of experience gained in the entire game.
 F = Experience gained in this place divided by the number of levels of this place that you have seen.
                   A       B       C       D       E      F
               +-------+-------+-------+-------+-------+----------------------
         Total | 100.0 | 100.0 |   N/A |   N/A | 100.0 |  14.0
       Dungeon | 100.0 | 100.0 |   N/A |   N/A | 100.0 |  14.0
               +-------+-------+-------+-------+-------+----------------------

Table legend: (Time is in decaauts)
 A = Elapsed time spent in this place.
 B = Non-inter-level travel time spent in this place.
 C = Inter-level travel time spent in this place.
 D = Time resting spent in this place.
 E = Time spent auto-exploring this place.
 F = Levels seen in this place.
 G = Mean time per level.
                   A        B        C        D        E       F      G
               +--------+--------+--------+--------+--------+-----+--------+
         Total |    422 |    422 |      0 |      0 |    367 |   1 |  422.0 |
       Dungeon |    422 |    422 |      0 |      0 |    367 |   1 |  422.0 |
               +--------+--------+--------+--------+--------+-----+--------+

Top non-repeatable levels by time:
     D:1: 422 daAuts
